 Dungeon Crawl Stone Soup version 0.23-a0-516-g0f8c245 (webtiles) character file.

8253 MisterFreud the Grappler (level 11, -32/102 HPs)
             Began as a Troll Hunter on Dec 5, 2018.
             Was an Elder of Okawaru.
             Annihilated by a very large slime creature (43 damage)
             ... on level 14 of the Dungeon.
             The game lasted 00:22:10 (7901 turns).

MisterFreud the Grappler (Troll Hunter)             Turns: 7901, Time: 00:22:11

Health: -32/102    AC: 14    Str: 25    XL:     11   Next: 7%
Magic:  14/14      EV: 10    Int:  7    God:    Okawaru [****..]
Gold:   682        SH: 10    Dex: 10    Spells: 10/10 levels left

rFire    . . .     SeeInvis .     - Unarmed
rCold    . . .     Gourm    +   k - +1 shield
rNeg     . . .     Faith    +   b - +0 robe
rPois    .         Spirit   .   w - +2 hat
rElec    .         Reflect  .   B - +2 cloak {+Inv}
rCorr    +         Harm     .   (gloves unavailable)
MR       .....                  (boots unavailable)
Stlth    +.........             E - amulet of faith
HPRegen  0.67/turn              A - +4 ring of protection
MPRegen  0.14/turn              l - ring of resist corrosion

@: flayed
A: large, unfitting armour, claws 3, fast metabolism 3, gourmand, regeneration
1, shaggy fur 1, tough skin 2
a: Heroism, Renounce Religion, Evoke Invisibility


You were on level 14 of the Dungeon.
You worshipped Okawaru.
Okawaru was greatly pleased with you.
You were completely stuffed.

You visited 2 branches of the dungeon, and saw 13 of its levels.

You collected 682 gold pieces.

Inventory:

Missiles
 c - 5 large rocks (quivered)
 d - 6 throwing nets
 e - 288 stones
 o - 7 tomahawks
Armour
 b - a +0 robe (worn)
 k - a +1 shield (worn)
 w - a +2 hat (worn)
 B - a +2 cloak of invisibility (worn)
Jewellery
 j - an uncursed amulet of magic regeneration
 l - a ring of resist corrosion (right claw)
 q - an uncursed ring of positive energy
 y - an uncursed ring of ice
 z - a cursed amulet of rage
 A - a +4 ring of protection (left claw)
 E - an amulet of faith (around neck)
Wands
 n - a wand of digging (6)
 u - a wand of iceblast (2)
 G - a wand of polymorph (12)
Scrolls
 g - 3 scrolls of enchant armour
 i - 3 scrolls of teleportation
 r - 5 scrolls of identify
 s - 2 scrolls of blinking
 t - a scroll of remove curse {unknown}
 v - 2 scrolls of fog
 x - a scroll of enchant weapon {unknown}
 D - a scroll of torment {unknown}
Potions
 a - 2 potions of berserk rage
 h - a potion of agility
 m - 3 potions of curing
 p - a potion of haste
 C - a potion of mutation
 F - a potion of invisibility {unknown}
Comestibles
 f - 20 rations


   Skills:
 + Level 5.0 Fighting
 - Level 6.9 Throwing
 - Level 6.0 Dodging
 - Level 0.3 Stealth
 - Level 4.0 Shields
 - Level 8.0 Unarmed Combat
 - Level 4.0 Invocations
 - Level 6.0 Evocations


You had 10 spell levels left.
You didn't know any spells.
Your spell library contained the following spells:

 Spells                   Type           Power        Failure   Level  Hunger
 Blink                    Tloc           N/A          90%         2    ###....
 Shroud of Golubria       Chrm/Tloc      #.........   90%         2    ###....
 Gell's Gravitas          Tloc           #.........   99%         3    ####...
 Lesser Beckoning         Tloc           #.........   99%         3    ####...
 Teleport Other           Tloc           #.......     99%         3    ####...
 Passage of Golubria      Tloc           N/A          100%        4    #####..


Dungeon Overview and Level Annotations

Branches:
Dungeon (11/15)            Temple (1/1) D:6             Orc (0/2) D:9
   Lair: D:8-11

Altars:
Ashenzari
Cheibriados
Dithmenos
Elyvilon
Fedhas
Gozag
Hepliaklqana
Kikubaaqudgha
Makhleb
Nemelex Xobeh
Okawaru
Qazlal
Ru
Sif Muna
Trog
Uskayaw
Vehumet
Wu Jian
Xom
Yredelemnul
Zin
The Shining One
Beogh

Shops:
D:4 %   D:6 (

Annotations:
D:10 Erica


Innate Abilities, Weirdness & Mutations

You are too large for most types of armour.
You have claws for hands.
Your metabolism is lightning-fast.
You like to eat raw meat.
Your natural rate of healing is unusually fast.
You are covered in fur. (AC +1)
You have very tough skin. (AC +2)


Message History

The flayed ghost is heavily damaged.
The centaur warrior skeleton hits you but does no damage.
You block the very large slime creature's attack.
The flayed ghost cries, "Suffer as I suffered!"
You claw the flayed ghost!
The flayed ghost is severely damaged.
The centaur warrior skeleton hits you.
* * * LOW HITPOINT WARNING * * *
The very large slime creature barely misses you.
The flayed ghost stares at you with tortured malice.
You miss the flayed ghost.
The flayed ghost is severely damaged.
The centaur warrior skeleton barely misses you.
You block the very large slime creature's attack.
You block the flayed ghost's attack.
The centaur warrior skeleton hits you but does no damage.
You mangle the flayed ghost!!
The flayed ghost is almost destroyed.
The very large slime creature hits you!!!
You die...

#.##....###......
#!##.)..# #......
#.##..### ###....
#.##.## ##...
#.##..### ##..#.
#.##....# ...###
#.##....###.#
.#######J###....#..#
......Z@W.....รท...#
..........###....##
..........##......##
.######...##....#..#
#...#....###.#
#...#....# ...
#......### ##..#.
#.....# #... ..#.
...


You could see a very large slime creature, a flayed ghost and a centaur warrior
skeleton.

Vanquished Creatures
  Pikel (D:5)
  A deep elf mage (D:14)
  Maurice (D:8)
  Joseph (D:8)
  A kobold demonologist (D:14)
  A jumping spider (shapeshifter) (D:14)
  A hippogriff (D:7)
  Eustachio (D:6)
  3 yaks
  2 hungry ghosts
  A soldier ant (D:10)
  2 orc warriors
  2 sky beasts
  3 ice beasts
  4 phantoms
  8 ogres
  A necrophage (D:10)
  8 centaurs
  A crocodile (D:5)
  3 big kobolds (D:14)
  5 bullfrogs
  4 scorpions
  6 howler monkeys
  An electric eel (D:8)
  8 crimson imps
  A bullfrog zombie (D:9)
  9 hounds
  8 orc priests
  4 jellies
  A centaur skeleton (D:7)
  An iguana (D:6)
  9 orc wizards
  6 worker ants
  A worker ant zombie (D:6)
  3 gnolls
  11 adders
  4 shadow imps
  3 oozes
  An adder zombie (D:8)
  4 adder skeletons
  5 worms
  4 dart slugs
  6 leopard geckos
  32 orcs
  6 giant cockroaches
  15 goblins
  14 hobgoblins
  12 jackals
  8 kobolds
  4 quokkas
  7 bats
  5 frilled lizards
  A jackal zombie (D:5)
  A quokka skeleton (D:4)
  5 rats
261 creatures vanquished.

Vanquished Creatures (others)
  A slave (D:6)
  2 gnolls (D:6)
3 creatures vanquished.

Grand Total: 264 creatures vanquished

Notes
Turn   | Place    | Note
-------+----------+-------------------------------------------
     0 | D:1      | MisterFreud the Troll Hunter began the quest for the Orb.
     0 | D:1      | Reached XP level 1. HP: 19/19 MP: 0/0
    21 | D:1      | Reached skill level 1 in Unarmed Combat
    57 | D:1      | Reached XP level 2. HP: 24/27 MP: 1/1
   199 | D:1      | Reached skill level 2 in Unarmed Combat
   722 | D:2      | Reached XP level 3. HP: 26/33 MP: 2/2
   762 | D:2      | Reached skill level 3 in Unarmed Combat
   918 | D:2      | Reached XP level 4. HP: 33/41 MP: 3/3
  1410 | D:3      | Reached skill level 4 in Unarmed Combat
  1591 | D:3      | Found a glowing golden altar of the Shining One.
  1680 | D:3      | Noticed a sky beast
  1686 | D:3      | Killed a sky beast
  1686 | D:3      | Reached skill level 5 in Unarmed Combat
  1686 | D:3      | Reached XP level 5. HP: 48/48 MP: 4/4
  1758 | D:3      | Reached XP level 6. HP: 30/55 MP: 5/5
  1991 | D:3      | Reached skill level 6 in Unarmed Combat
  2120 | D:4      | Found Bethoaga's Food Boutique.
  2284 | D:4      | Reached skill level 7 in Unarmed Combat
  2320 | D:4      | Reached XP level 7. HP: 56/62 MP: 6/6
  2616 | D:4      | Reached skill level 8 in Unarmed Combat
  2787 | D:5      | Entered Level 5 of the Dungeon
  2792 | D:5      | Reached skill level 1 in Shields
  2968 | D:5      | Reached XP level 8. HP: 70/70 MP: 7/7
  3278 | D:5      | Found a deep blue altar of Sif Muna.
  3487 | D:5      | Reached skill level 5 in Throwing
  3663 | D:6      | Noticed Pikel
  3691 | D:5      | Killed Pikel
  3743 | D:6      | Found a burning altar of Makhleb.
  3743 | D:6      | Found a hide-covered altar of Uskayaw.
  3743 | D:6      | Found an iron altar of Okawaru.
  3806 | D:6      | Reached XP level 9. HP: 42/76 MP: 8/8
  3893 | D:6      | Found a staircase to the Ecumenical Temple.
  3913 | Temple   | Entered the Ecumenical Temple
  4115 | D:6      | Became a worshipper of Warmaster Okawaru
  4181 | D:6      | Found Idurav's Antique Weapon Emporium.
  4270 | D:6      | Noticed Eustachio
  4276 | D:6      | Killed Eustachio
  4351 | D:5      | Reached skill level 5 in Dodging
  4555 | D:6      | Found a shadowy altar of Dithmenos.
  4892 | D:7      | Reached * piety under Okawaru
  4892 | D:7      | Reached skill level 1 in Invocations
  5128 | D:7      | Reached skill level 1 in Evocations
  5150 | D:7      | Found a shimmering altar of Xom.
  5150 | D:7      | Found a shimmering altar of Xom.
  5150 | D:7      | Found a shimmering altar of Xom.
  5150 | D:7      | Found a shimmering altar of Xom.
  5150 | D:7      | Found a shimmering altar of Xom.
  5153 | D:7      | Found a shimmering altar of Xom.
  5153 | D:7      | Found a shimmering altar of Xom.
  5410 | D:7      | Reached ** piety under Okawaru
  5410 | D:7      | Reached XP level 10. HP: 67/85 MP: 12/12
  5670 | D:8      | Noticed Joseph
  5671 | D:8      | Noticed Maurice
  5795 | D:8      | Killed Joseph
  5858 | D:8      | Killed Maurice
  6173 | D:8      | Found a sparkling altar of Nemelex Xobeh.
  6257 | D:9      | Found a staircase to the Orcish Mines.
  6490 | D:8      | Reached skill level 5 in Evocations
  6517 | D:9      | Reached *** piety under Okawaru
  6823 | D:9      | Found a roughly hewn altar of Beogh.
  6953 | D:10     | Entered Level 10 of the Dungeon
  7105 | D:10     | Noticed Erica
  7403 | D:11     | You fall through a shaft for 3 floors!
  7554 | D:14     | Noticed a rust devil
  7566 | D:14     | Noticed a rust devil
  7607 | D:14     | Reached **** piety under Okawaru
  7736 | D:14     | Noticed a deep elf mage
  7760 | D:14     | Killed a deep elf mage
  7760 | D:14     | Reached XP level 11. HP: 62/101 MP: 14/14
  7870 | D:14     | Noticed a flayed ghost
  7889 | D:14     | Reached skill level 5 in Fighting
  7901 | D:14     | Annihilated by a very large slime creature

Vault maps used:
D:1:      minmay_arrival_four_houses, st_stairs_14
D:3:      cheibrodos_greedy_goblins, tso_altar
D:4:      minmay_thinvault, first_ration, serial_shops, shop_statue
D:5:      basic_altar
D:6:      gammafunk_temple_overflow_forgotten, grunt_dithmenos_smoke,
          minmay_temple_entry_trees, serial_shops, shop, serial_bayou_ford_a,
          uniq_eustachio, uniq_pikel
D:7:      minmay_clustersquares, grunt_ogre_cave, minmay_misc_feat_alley,
          xom_shifter_show
D:8:      nemelex_xobeh_ov_fountains_minmay, uniq_maurice, uniq_joseph
D:9:      minmay_orc_entry_temple_small, kennysheep_path_1
D:10:     lair_entry_dummy, uniq_snorg, uniq_erica
D:11:     uniq_psyche
D:14:     roderic_lattice_octagonal_star, lightli_corner_chamber
Temple:   nicolae_temple_elliptical

Skill      XL: |  1  2  3  4  5  6  7  8  9 10 11 |
---------------+----------------------------------+-----
Unarmed Combat | 1 2 3 5 7 8 |  8.0
Shields        | 3 4 |  4.0
Throwing       | 6 |  6.9
Dodging        | 2 6 |  6.0
Invocations    | 4 |  4.0
Evocations     | 2 6 |  6.0
Fighting       | 4 5 |  5.0
Stealth        | |  0.3

Action                   |  1- 3 |  4- 6 |  7- 9 | 10-12 || total
-------------------------+-------+-------+-------+-------++-------
Melee: Unarmed           |    90 |   155 |   360 |   369 ||   974
       Punch             |       |     3 |    10 |     3 ||    16
Throw: Large rock        |       |       |     2 |     4 ||     6
  Use: Scroll            |       |     6 |     8 |     3 ||    17
       Potion            |       |       |     1 |     2 ||     3
 Stab: Sleeping          |     5 |     1 |     2 |     1 ||     9
  Eat: Chunk             |    13 |    13 |    28 |    29 ||    83
       Ration            |       |       |       |     1 ||     1
Armor: Robe              |    27 |    58 |    85 |   115 ||   285
Dodge: Dodged            |    39 |    82 |   143 |   126 ||   390
Block: Shield            |       |       |       |   135 ||   135

Table legend:
 A = Non-vault XP
 B = Vault XP
 C = Vault XP percentage of total XP
 D = Non-vault monster count
 E = Vault monster count
 F = Vault count percentage of total count
                 A         B        C        D         E       F
            +---------+---------+-------+---------+---------+-------
      Total |    9080 |    2710 |  23.0 |     224 |      37 |  14.2
            +---------+---------+-------+---------+---------+-------
        D:1 |      30 |       3 |   9.1 |      15 |       1 |   6.2
        D:2 |      87 |       0 |   0.0 |      26 |       0 |   0.0
        D:3 |     263 |      24 |   8.4 |      26 |      13 |  33.3
        D:4 |     238 |     369 |  60.8 |      11 |      12 |  52.2
        D:5 |    1050 |     641 |  37.9 |      25 |       1 |   3.8
        D:6 |    1242 |     208 |  14.3 |      33 |       1 |   2.9
        D:7 |    1143 |     409 |  26.4 |      28 |       4 |  12.5
        D:8 |    1162 |     975 |  45.6 |      20 |       3 |  13.0
        D:9 |     681 |      81 |  10.6 |       7 |       2 |  22.2
       D:10 |     436 |       0 |   0.0 |       8 |       0 |   0.0
       D:11 |     593 |       0 |   0.0 |       7 |       0 |   0.0
       D:14 |    2155 |       0 |   0.0 |      18 |       0 |   0.0
            +---------+---------+-------+---------+---------+-------
